[Event "4NCL Spring GM Round Robin 2024"]
[Site "Peterborough"]
[Date "2024.03.24"]
[Round "2.5"]
[White "Makkar, Rajat"]
[Black "Kalavannan, Koby"]
[Result "1-0"]
[ECO "A44"]
[WhiteElo "2434"]
[BlackElo "2324"]
[Annotator "TA"]
[PlyCount "89"]
[EventDate "2024.03.22"]
[EventType "tourn"]
[EventCountry "ENG"]
[SourceTitle "playchess.com"]
[Source "ChessBase"]
[SourceQuality "1"]
[TimeControl "5400+30"]

1. d4 c5 2. d5 e5 3. e4 d6 4. Nc3 a6 5. a4 Be7 6. Nf3 Bg4 7. b3 Nd7 8. Bd3 h5 9. h3 {[%emt 0:02:25] Weiß steht besser.} Bxf3 10. Qxf3 Bg5 {[%emt 0:00:06] Schwarz ist schwach auf den weissen Feldern} 11. Bb2 Qf6 12. Ne2 (12. Qe2 $16) 12... Qxf3 $11 13. gxf3 Ne7 14. Rg1 f6 15. Ng3 g6 16. Nf1 b6 17. Ne3 Kd8 18. Nc4 Kc7 19. Ke2 Rhg8 ({Nicht} 19... b5 $2 20. axb5 axb5 21. Na3 $18) 20. Na3 Kb7 21. Bc3 Bh4 22. Rgb1 {[%emt 0:02:09] Weiß steht aktiver.} Rgb8 ({Besser ist} 22... f5 $14) 23. b4 {[%emt 0:03:30] Weiß verwandelt nun seinen Vorteil.} Kc7 24. Kf1 f5 25. Nc4 b5 26. axb5 axb5 27. Na3 Rxa3 28. Rxa3 c4 29. Be2 f4 (29... Nf6 $16) 30. Rba1 Nc8 31. Ra6 Bd8 32. Ke1 Kb7 {[%emt 0:00:18] [#]} 33. h4 $1 Bxh4 (33... Nf6 34. Bf1) 34. Bf1 Kc7 35. Bh3 {[%emt 0:00:14][%cal Oa6a7] Droht stark Ra7+!} Ndb6 36. R1a5 Na4 $2 {[%emt 0:00:45] [#]} (36... Kb7 37. Bxc8+ Kxc8 38. Rxb5 Bd8) 37. Rc6+ $18 Kd8 38. Ba1 Nab6 39. Rxb5 Ra8 40. Bc3 Na4 41. Ra5 Rxa5 42. Rxc8+ {[%emt 0:00:06] Weiß setzt Matt.} Ke7 43. bxa5 Nxc3 44. a6 Nb5 45. Rb8 {[%emt 0:00:18] Gewichteter Fehlerwert: Weiß=0.08 (makellos) /Schwarz=0.35.  Fehler:       	Weiß=1     	Schwarz=3     Ungenau:       	Weiß=1     	Schwarz=3     OK:         	Weiß=15    	Schwarz=12    Bester:       	---       	Schwarz=3} 1-0

[Event "4NCL Spring GM Round Robin 2024"]
[Site "Peterborough"]
[Date "2024.03.24"]
[Round "3.1"]
[White "Kalavannan, Koby"]
[Black "Gumularz, Szymon"]
[Result "0-1"]
[ECO "A37"]
[WhiteElo "2324"]
[BlackElo "2590"]
[Annotator "RC"]
[PlyCount "124"]
[EventDate "2024.03.22"]
[EventType "tourn"]
[EventCountry "ENG"]
[SourceTitle "playchess.com"]
[Source "ChessBase"]
[SourceQuality "1"]
[TimeControl "5400+30"]

1. c4 b6 2. Nf3 Bb7 3. g3 c5 4. Bg2 g6 5. O-O Bg7 6. Nc3 Nc6 7. b3 Nh6 8. Bb2 Nf5 9. d3 O-O 10. Qd2 e6 11. e4 Nfe7 12. Rad1 d6 13. h4 Nd4 14. Nxd4 cxd4 15. Nb5 e5 16. Ba3 Nc8 17. Bh3 f5 18. exf5 a6 19. Nxd4 exd4 20. fxg6 hxg6 21. Rde1 Bf3 22. Re6 Kh7 23. Rfe1 Ra7 24. Qg5 Qxg5 25. hxg5 Rd7 26. Bg2 Rdf7 27. Bh3 Rd8 28. Bg2 Rff8 29. Bxf3 Rxf3 30. Re8 Rf8 31. R8e6 Rf3 32. Re8 Rxe8 33. Rxe8 Rf8 34. Re4 Rd8 35. Bb2 d5 36. Rh4+ Kg8 37. Bxd4 dxc4 38. Bxg7 Kxg7 39. Rxc4 Ne7 40. Rc7 Kf7 41. Rb7 Rd6 42. Kf1 Ke6 43. Ke2 Nc6 44. f4 Nd4+ 45. Kf2 Kf5 46. Rf7+ Kg4 47. Rf6 Re6 48. Rxe6 Nxe6 49. Ke3 Kxg3 50. Ke4 Nxf4 51. d4 Kg4 52. d5 Kxg5 53. d6 Ne6 54. Ke5 Nd8 55. d7 Kh4 56. Kf6 g5 57. Ke7 Nb7 58. d8=Q Nxd8 59. Kxd8 g4 60. Kc7 g3 61. Kxb6 g2 62. Kxa6 g1=Q 0-1

[Event "4NCL Spring GM Round Robin 2024"]
[Site "Peterborough"]
[Date "2024.03.24"]
[Round "3.2"]
[White "Chow, Samuel"]
[Black "Makkar, Rajat"]
[Result "0-1"]
[ECO "E14"]
[WhiteElo "2356"]
[BlackElo "2434"]
[Annotator "TA"]
[PlyCount "98"]
[EventDate "2024.03.22"]
[EventType "tourn"]
[EventCountry "ENG"]
[SourceTitle "playchess.com"]
[Source "ChessBase"]
[SourceQuality "1"]
[TimeControl "5400+30"]

1. d4 d5 2. c4 c6 3. Nc3 Nf6 4. e3 e6 5. Nf3 Nbd7 6. Be2 b6 7. O-O Bb7 8. b3 Bd6 9. Bb2 O-O 10. Bd3 c5 11. cxd5 {[%emt 0:01:50] E14: Damenindisch (Zentralsystem).} Nxd5 12. Nxd5 Bxd5 13. e4 Bb7 14. d5 exd5 15. exd5 Be7 16. Qc2 h6 17. Rad1 Bf6 $1 (17... Nf6 $6 18. Rfe1 $16) 18. Bc4 a6 $146 ({Predecessor:} 18... Bxb2 19. Qxb2 Nf6 20. Ne5 Qd6 21. Rd3 a6 22. a4 Rfe8 23. f4 Rad8 24. Rfd1 Nh5 {0-1 Sturt,R (2500)-Petkov,M (2426) Arandjelovac Akva Gold GM2 2021 (1)}) 19. a4 Bxb2 20. Qxb2 Qf6 21. Qc2 Rfe8 22. Rfe1 Qd6 23. Qd3 Nf6 24. Nh4 g6 (24... Rxe1+ $11 25. Rxe1 b5 (25... Nxd5 $2 26. Nf5 $18) 26. axb5 axb5 27. Bxb5 Qxd5) 25. Re6 $14 (25. Nxg6 Ng4 26. f4 (26. Rxe8+ $2 Rxe8 27. f4 Qxg6 $19) 26... Qxg6 $17 (26... fxg6 27. h3 $11)) 25... Rxe6 (25... Qd8 $1 $11) 26. dxe6 $16 Qxd3 27. exf7+ (27. Bxd3 $6 fxe6 28. Nxg6 (28. Bxg6 Bd5 $15) 28... Bd5 $11) 27... Kg7 28. Rxd3 (28. Bxd3 {vereinfacht} Bd5 29. Nxg6 Bxf7 30. Ne5) 28... b5 29. Be6 (29. axb5 $2 {verliert.} axb5 30. f8=Q+ Kxf8 $19) 29... Be4 30. Rc3 ({Besser ist} 30. Rd6 $16) 30... c4 31. bxc4 b4 {[%emt 0:00:31] [#]} 32. Re3 (32. Rg3 $1 $16 {c5 wäre nun fies.} g5 33. f4) 32... Rd8 $1 $11 33. h3 Rd6 34. Rxe4 Nxe4 35. Nxg6 $1 Rd1+ 36. Kh2 Rd8 $1 37. f8=Q+ (37. f8=R Rxf8 38. Nxf8 Kxf8) 37... Rxf8 38. Nxf8 Kxf8 {[%emt 0:00:04] [#]} 39. c5 $2 (39. Bf5 $1 $11 Nd6 40. Bg6 Nxc4 41. Bd3) 39... Nxc5 $19 40. Bf5 Nxa4 41. Kg3 b3 42. Kf3 Nc3 43. Ke3 b2 44. Kd4 b1=Q (44... b1=B $2 45. Bc8 Nb5+ 46. Kc5 $17) 45. Bxb1 Nxb1 46. Kd3 Na3 47. g4 Nb5 48. f4 Nc7 49. h4 Nd5 0-1

[Event "4NCL Spring GM Round Robin 2024"]
[Site "Peterborough"]
[Date "2024.03.24"]
[Round "3.3"]
[White "Teclaf, Pawel"]
[Black "Royal, Shreyas"]
[Result "1-0"]
[ECO "D32"]
[WhiteElo "2556"]
[BlackElo "2457"]
[Annotator "TA"]
[PlyCount "107"]
[EventDate "2024.03.22"]
[EventType "tourn"]
[EventCountry "ENG"]
[SourceTitle "playchess.com"]
[Source "ChessBase"]
[SourceQuality "1"]
[TimeControl "5400+30"]

1. Nf3 d5 2. e3 Nf6 3. c4 e6 4. b3 c5 5. cxd5 exd5 6. Bb2 Nc6 7. Nc3 Bd6 8. d4 cxd4 9. Nxd4 O-O 10. Be2 Re8 11. O-O Nxd4 12. Qxd4 Be5 13. Qd2 Ne4 (13... Be6 $11) 14. Nxe4 $16 (14. Qxd5 $2 {perishes.} Nxc3 (14... Bxc3 $2 15. Qxd8 Rxd8 16. Bxc3 $19) 15. Qf3 Qh4 $19) 14... Bxb2 {[%emt 0:00:02] White is better.} 15. Rad1 Ba3 16. Nc3 Bb4 17. Qxd5 Qe7 18. Qd4 {[%emt 0:03:09] White is more active.} Bxc3 19. Qxc3 Be6 20. Rd4 Rac8 21. Qd2 g6 22. Rd1 Rc7 23. h3 Rec8 24. Bd3 {[%emt 0:03:17] Prevents Rc2} Kg7 25. Be4 b6 26. Rd6 Qf6 27. f4 Qc3 28. g4 {[%emt 0:04:39] [#] f5 would now be deadly.} Re8 29. Bf3 f6 (29... h5 $142) 30. Kf2 Ree7 31. Qxc3 Rxc3 32. Rc6 Rxc6 33. Bxc6 {[%emt 0:00:04][%mdl 4096] Endgame. KRB-KRB} Rc7 34. Be4 f5 35. gxf5 gxf5 36. Bd3 Kf6 37. Rd2 a5 (37... Rc1 $142) 38. Rc2 Rxc2+ 39. Bxc2 {[%emt 0:00:02] KB-KB} b5 (39... Bd5 $142 40. a3 Bh1) 40. e4 $2 {[%emt 0:01:45] [#]} ({Better is} 40. Kf3 $18) 40... fxe4 $14 41. Bxe4 Bxh3 42. Bxh7 Ke6 $2 {[%emt 0:02:37][%mdl 8192] Black cannot hold the game after this.} (42... a4 $14) 43. Ke3 $18 Kd5 44. Bg8+ Kd6 45. a3 b4 46. axb4 {[%emt 0:00:49] White mates.} axb4 47. Kd4 Bf5 48. Kc4 Ke7 49. Kxb4 Kf6 50. Kc5 Bg6 51. b4 Kf5 52. b5 Kxf4 53. b6 Be4 54. Bd5 {[%emt 0:00:02] Weighted Error Value: White=0.17 (very precise) /Black=0.29 (precise) .  Loses game:     	---       	Black=1      Missed win:     	White=1     	---        Mistake:       	---       	Black=4      Inaccurate:     	---       	Black=1      OK:         	White=12    	Black=11     Best:        	White=2     	Black=3} 1-0

[Event "4NCL Spring GM Round Robin 2024"]
[Site "Peterborough"]
[Date "2024.03.24"]
[Round "3.4"]
[White "Harvey, Marcus R"]
[Black "Wadsworth, Matthew J"]
[Result "1/2-1/2"]
[ECO "A14"]
[WhiteElo "2468"]
[BlackElo "2450"]
[Annotator "RC"]
[PlyCount "143"]
[EventDate "2024.03.22"]
[EventType "tourn"]
[EventCountry "ENG"]
[SourceTitle "playchess.com"]
[Source "ChessBase"]
[SourceQuality "1"]
[TimeControl "5400+30"]

1. c4 e6 2. Nf3 Nf6 3. b3 b6 4. g3 Bb7 5. Bg2 Be7 6. Bb2 O-O 7. O-O d5 8. e3 dxc4 9. bxc4 c5 10. d3 Nc6 11. Qe2 Qc7 12. Nc3 Rfd8 13. Rfd1 a6 14. Ne1 Na7 15. e4 Nc6 16. Nc2 Nd4 17. Nxd4 cxd4 18. Nb1 e5 19. Nd2 Nd7 20. Nb3 a5 21. a4 Nc5 22. Nxc5 bxc5 23. Bc1 Bc6 24. Bh3 Rdb8 25. Qc2 Rb7 26. Bd2 Rab8 27. Rdb1 Bd8 28. Rb5 Bxb5 29. cxb5 c4 30. dxc4 Be7 31. Qd3 Ra8 32. Rc1 Bc5 33. Bg4 Qd6 34. Rc2 Rc7 35. Be2 Bb4 36. Bc1 Qc5 37. Qb3 Rd8 38. Bd3 h5 39. Ra2 h4 40. Qd1 Rd6 41. Qg4 hxg3 42. hxg3 Rg6 43. Qh4 Qe7 44. Qxe7 Rxe7 45. Kf1 Rc7 46. Ra1 Kf8 47. Rb1 Bc5 48. Bd2 Ra7 49. Ke2 Ke7 50. Rh1 Ra8 51. Rh5 Re6 52. f4 f6 53. f5 Rb6 54. Rh7 Kf7 55. Bh6 Rg8 56. Bc2 Rbb8 57. Kd3 Kf8 58. Bd2 Ra8 59. Bd1 Ke7 60. Bh5 Kd6 61. g4 Bb4 62. Bc1 Ra7 63. g5 Rc7 64. Bd1 Rxc4 65. Bb2 Rcc8 66. Bb3 Rh8 67. g6 Kc5 68. Be6 Rcd8 69. Bc1 Kb6 70. Bb2 Kc5 71. Bc1 Kb6 72. Bb2 1/2-1/2

[Event "4NCL Spring GM Round Robin 2024"]
[Site "Peterborough"]
[Date "2024.03.24"]
[Round "3.5"]
[White "Cherniaev, Alexander"]
[Black "Agdelen, Huseyin Can"]
[Result "1/2-1/2"]
[ECO "C90"]
[WhiteElo "2375"]
[BlackElo "2408"]
[Annotator "TA"]
[PlyCount "34"]
[EventDate "2024.03.22"]
[EventType "tourn"]
[EventCountry "ENG"]
[SourceTitle "playchess.com"]
[Source "ChessBase"]
[SourceQuality "1"]
[TimeControl "5400+30"]

1. e4 e5 2. Nf3 Nc6 3. Bb5 a6 4. Ba4 Nf6 5. O-O Be7 6. Re1 b5 7. Bb3 O-O 8. d3 d6 9. c3 Na5 10. Bc2 c5 11. Nbd2 Re8 12. Nf1 Nc6 {[%emt 0:02:13] The position is equal.} 13. a3 h6 14. Ng3 Bf8 15. h3 d5 16. d4 cxd4 17. cxd4 dxe4 {[%emt 0:05:38] A rather calm draw.   Weighted Error Value: White=0.11 (very precise) /Black=0.02 (flawless) .  OK:         	---       	Black=3} 1/2-1/2

[Event "4NCL Spring GM Round Robin 2024"]
[Site "Peterborough"]
[Date "2024.03.25"]
[Round "4.1"]
[White "Gumularz, Szymon"]
[Black "Agdelen, Huseyin Can"]
[Result "1-0"]
[ECO "A37"]
[WhiteElo "2590"]
[BlackElo "2408"]
[Annotator "TA"]
[PlyCount "59"]
[EventDate "2024.03.22"]
[EventType "tourn"]
[EventCountry "ENG"]
[SourceTitle "playchess.com"]
[Source "ChessBase"]
[SourceQuality "1"]
[TimeControl "5400+30"]

1. c4 c5 2. Nf3 Nc6 3. Nc3 e5 4. g3 g6 5. Bg2 Bg7 6. O-O Nge7 7. d3 O-O 8. Bg5 f6 9. Bd2 d6 10. a3 Be6 11. Rb1 Rc8 12. b4 b6 13. Ne1 cxb4 {[%emt 0:16:29] Die Stellung ist ausgeglichen.} 14. axb4 d5 15. b5 Nb8 16. cxd5 Nxd5 17. Nxd5 Bxd5 18. Bxd5+ Qxd5 19. Qa4 Rf7 20. Nc2 $36 {[%emt 0:00:29][%cal Be1c2,Bc2b4,Bb4d5][%mdl 2080] Weiss kämpft um Vorteil.} Rfc7 21. Nb4 Qd7 (21... Qf7 $14) 22. e4 $16 Qh3 (22... Rb7 $16 {ist wohl besser.} 23. Nd5 f5) 23. Rfc1 Bf8 24. Nd5 Rf7 25. Rxc8 Qxc8 26. Rc1 {[%emt 0:00:17][%cal Bb1c1,Bc1c7,Bc7f7][%mdl 32] Weiß steht deutlich aktiver.} Qg4 {[%emt 0:00:24] [#] Führt Schwarz ins Verderben.} (26... Qd8 $16 {ist zäher.} 27. Be3 Bd6) 27. Qxa7 $3 Qe2 $2 (27... Rxa7 $18 28. Nxf6+ Kf7 29. Nxg4 Nd7) (27... Qxg3+ 28. hxg3) 28. Rc7 {[%emt 0:01:09] Weiß setzt Matt.} Qxd3 29. Rxf7 Qb1+ {[%emt 0:00:03] [#]} 30. Bc1 $1 {[%emt 0:00:16] Gewichteter Fehlerwert: Weiß=0.22 (präzise) /Schwarz=0.87.  Verlustzug:     	---       	Schwarz=1     Fehler:       	Weiß=1     	Schwarz=3     Ungenau:       	Weiß=1     	Schwarz=1     OK:         	Weiß=7     	Schwarz=4     Bester:       	Weiß=2     	---} 1-0

[Event "4NCL Spring GM Round Robin 2024"]
[Site "Peterborough"]
[Date "2024.03.25"]
[Round "4.2"]
[White "Wadsworth, Matthew J"]
[Black "Cherniaev, Alexander"]
[Result "1-0"]
[ECO "A87"]
[WhiteElo "2450"]
[BlackElo "2375"]
[Annotator "TA"]
[PlyCount "77"]
[EventDate "2024.03.22"]
[EventType "tourn"]
[EventCountry "ENG"]
[SourceTitle "playchess.com"]
[Source "ChessBase"]
[SourceQuality "1"]
[TimeControl "5400+30"]

1. d4 d6 2. Nf3 g6 3. c4 f5 4. g3 Nf6 5. Bg2 Bg7 6. O-O O-O 7. Nc3 a5 8. Re1 Na6 9. a3 c6 10. e4 {[%emt 0:04:13] White has an edge.} fxe4 11. Nxe4 Nxe4 12. Rxe4 Bf5 13. Re1 e5 14. dxe5 dxe5 15. Qxd8 Raxd8 16. Be3 e4 17. Ng5 Rde8 18. Bb6 Bxb2 19. Ra2 Bf6 20. Nxe4 Bxe4 21. Bxe4 (21. Rxe4 Rxe4 22. Bxe4 Bd8 $11) 21... Bd8 22. Ba7 Be7 23. Rae2 $1 {[%emt 0:06:32][%cal Oe4c6] Bxc6! would now be deadly.} Kf7 ({Of course not} 23... Bxa3 24. Bxc6 (24. Bd5+ cxd5 25. Rxe8 dxc4 $11) 24... Rxe2 25. Bd5+ Kg7 26. Rxe2 $16 (26. Bd4+ Kh6 $11)) 24. Rb1 Nc5 25. Bf3 {[%emt 0:03:40][%cal Oe2e7] [#] Threatens to win with Rxe7+! This pair of bishops is nice.} Bd6 26. Rd2 Be7 27. Re2 {[%emt 0:09:17][%cal Oe2e7] And now Rxe7+! would win. White has more active pieces.} Bd6 28. Bxc5 Bxc5 29. Rxb7+ Kg8 30. Rxe8 (30. Bxc6 $2 {too greedy.} Rxe2 31. Rb5 Bd4 $19 (31... Bxa3 $2 32. Rxa5 Be7 33. f3 $19) (31... Bxf2+ $2 32. Kf1 $19) (31... Re1+ $2 32. Kg2 $19)) 30... Rxe8 $16 {[%emt 0:00:12][%mdl 4096] Endgame. KRB-KRB} 31. a4 Re1+ 32. Kg2 Ra1 (32... Re6 $16 33. Rb8+ Kg7 34. Rb7+ Re7 35. Rxe7+ (35. Bxc6 Rxb7 36. Bxb7 h6 $18) 35... Bxe7 36. Bxc6 Kf7) 33. Bxc6 $18 Ra2 34. Bd5+ Kh8 35. Rf7 Rxa4 (35... h5 $16 36. h3 Re2) 36. Rc7 Bd4 37. c5 Ra3 $2 {[%emt 0:00:00] [#]} (37... Rb4 38. c6 Rb8) 38. c6 Rc3 39. f4 {[%emt 0:04:12] Weighted Error Value: White=0.09 (flawless) /Black=0.26 (precise) .  Mistake:       	---       	Black=3      Inaccurate:     	White=1     	Black=4      OK:         	White=10    	Black=15     Best:        	White=5     	Black=1      Strong:       	White=1     	---} 1-0

[Event "4NCL Spring GM Round Robin 2024"]
[Site "Peterborough"]
[Date "2024.03.25"]
[Round "4.3"]
[White "Royal, Shreyas"]
[Black "Harvey, Marcus R"]
[Result "1/2-1/2"]
[ECO "D27"]
[WhiteElo "2457"]
[BlackElo "2468"]
[Annotator "TA"]
[PlyCount "101"]
[EventDate "2024.03.22"]
[EventType "tourn"]
[EventCountry "ENG"]
[SourceTitle "playchess.com"]
[Source "ChessBase"]
[SourceQuality "1"]
[TimeControl "5400+30"]

1. d4 d5 2. c4 dxc4 3. Nf3 Nf6 4. e3 e6 5. Bxc4 c5 6. O-O a6 7. b3 cxd4 8. Nxd4 Bd6 9. Bd3 O-O 10. Bb2 Qe7 11. Nd2 {[%emt 0:02:56][%cal Bb1d2,Bd2c4,Bc4e5][%mdl 32] White is slightly better.} Rd8 12. Qe2 (12. Rc1 $14) 12... Bd7 13. Nc4 Bc5 14. Ne5 Be8 15. Rfd1 Rc8 16. Rac1 {[%emt 0:06:00] Hoping for b4.} Nbd7 17. Ndf3 Nxe5 18. Nxe5 Ba3 19. Bxa3 Qxa3 20. Nc4 Qe7 21. Qb2 Rc7 22. Be2 Rac8 23. Bf3 h6 24. h3 Qb4 {[%emt 0:03:02][%cal Rc7c4] [#] ...Rxc4 would now be deadly.} 25. a3 Qe7 26. Ne5 b6 27. Rxc7 Qxc7 28. Qd4 Qc5 29. Nc4 b5 30. Bb7 bxc4 31. Bxc8 Qxc8 32. Rc1 Qc7 33. Rxc4 Qa5 34. Qb2 Bd7 35. Qc1 Qd5 36. Qc2 e5 37. Rc5 Qd6 38. b4 e4 39. Rc4 Bb5 40. Rd4 Qe6 41. a4 Bd3 (41... Bd7 $11 {remains equal.}) 42. Qc5 $16 {[%emt 0:00:38] Strongly threatening b5.} Kh7 (42... Qe8 $16 {was called for.}) 43. b5 $18 axb5 44. axb5 Nd7 45. Qc6 Nb6 46. Rd6 (46. h4 $18 {has better winning chances.}) 46... Qe5 $16 {[%emt 0:00:18] [#]} 47. Qxb6 (47. f4 $1 $16 Qa1+ (47... Qxb5 $2 {too greedy.} 48. Qxb5 Bxb5 49. Rxb6 $18) 48. Kh2) 47... Qa1+ $11 {[%emt 0:00:05] The position is equal.} 48. Kh2 Qe5+ 49. Kg1 {[%emt 0:05:59] Black must now prevent Qd4.} (49. Kh1 $5 Qa1+ $8 50. Kh2 Qe5+ 51. Kg1 (51. g3 Qb2 $11) 51... Qa1+ 52. Kh2 $11) 49... Qa1+ 50. Kh2 {[%emt 0:00:04] And now Qc5 would win.} Qe5+ 51. Kg1 {[%emt 0:00:51] Weighted Error Value: White=0.11 (very precise) /Black=0.12 (very precise) .  Mistake:       	White=3     	Black=2      Inaccurate:     	---       	Black=3      OK:         	White=17    	Black=22     Best:        	White=1     	Black=1} (51. Kh1 $5 Qa1+ $8 52. Kh2 $11) 1/2-1/2

[Event "4NCL Spring GM Round Robin 2024"]
[Site "Peterborough"]
[Date "2024.03.25"]
[Round "4.4"]
[White "Makkar, Rajat"]
[Black "Teclaf, Pawel"]
[Result "0-1"]
[ECO "A11"]
[WhiteElo "2434"]
[BlackElo "2556"]
[Annotator "TA"]
[PlyCount "62"]
[EventDate "2024.03.22"]
[EventType "tourn"]
[EventCountry "ENG"]
[SourceTitle "playchess.com"]
[Source "ChessBase"]
[SourceQuality "1"]
[TimeControl "5400+30"]

1. c4 Nf6 2. g3 c6 3. Nf3 d5 4. Bg2 dxc4 5. O-O Nbd7 6. Qc2 Nb6 7. Na3 g6 8. Nxc4 Nxc4 9. Qxc4 Bg7 {[%emt 0:00:03] The position is equal.} 10. Re1 O-O 11. d4 Bg4 12. b4 Qd5 13. Qc3 (13. Qc5 $11) 13... Ne4 $1 $15 14. Qc2 Qf5 {[%emt 0:09:35][%cal Og7d4] [#] aiming for ...Bxd4!} 15. Qd3 Rfd8 {[%emt 0:07:11][%cal Og7d4] ...Bxd4! is the strong threat.} 16. Bb2 Bxf3 17. Qxf3 Bxd4 {[%emt 0:03:17] Black has more active pieces.} 18. Bxd4 Rxd4 19. Qe3 Rxb4 20. Rac1 {[%emt 0:00:00] Repels Qc5} (20. a3 $17 Rc4 21. Rec1 Rxc1+ 22. Rxc1) 20... Qe6 $19 21. Rb1 Rxb1 22. Rxb1 Nd6 (22... Qxa2 $2 {too greedy.} 23. Bxe4 (23. Qxe4 Rd8 $18) 23... b6 24. Rc1 $18) 23. Qxe6 fxe6 {[%emt 0:00:05][%mdl 4096] Endgame. KRB-KRN} 24. e4 (24. Rb3 $142) 24... e5 25. f4 b6 26. fxe5 Nc4 27. e6 Rd8 28. e5 Nxe5 29. Re1 Nd3 30. Rd1 c5 (30... Rd6 31. Bxc6 Rxc6 32. Rxd3 Rxe6 33. Rd2 $19) 31. Bc6 Rd4 {[%emt 0:00:53] White did not feel at home in the position after the opening.   Weighted Error Value: White=0.22 (precise) /Black=0.02 (flawless) .  Mistake:       	White=3     	---        Inaccurate:     	White=2     	---        OK:         	White=6     	Black=16     Best:        	---       	Black=1      Strong:       	---       	Black=1} 0-1

[Event "4NCL Spring GM Round Robin 2024"]
[Site "Peterborough"]
[Date "2024.03.25"]
[Round "4.5"]
[White "Kalavannan, Koby"]
[Black "Chow, Samuel"]
[Result "1/2-1/2"]
[ECO "A48"]
[WhiteElo "2324"]
[BlackElo "2356"]
[Annotator "RC"]
[PlyCount "260"]
[EventDate "2024.03.22"]
[EventType "tourn"]
[EventCountry "ENG"]
[SourceTitle "playchess.com"]
[Source "ChessBase"]
[SourceQuality "1"]
[TimeControl "5400+30"]

1. d4 Nf6 2. Nf3 g6 3. Nbd2 c5 4. dxc5 Na6 5. e4 Nxc5 6. e5 Nd5 7. Ng5 Nb4 8. Qf3 f6 9. exf6 exf6 10. Kd1 Be7 11. Nge4 Ne6 12. Nb3 O-O 13. Bh6 Rf7 14. c3 Nc6 15. Kc2 d5 16. Rd1 Qc7 17. Ng3 a5 18. Kb1 a4 19. Nc1 a3 20. Qxd5 axb2 21. Nb3 Ne5 22. Be3 Qxc3 23. Bd2 Qc6 24. Qxc6 bxc6 25. f4 Ng4 26. Bc4 Ra4 27. Na5 Rxc4 28. Nxc4 Nf2 29. f5 Nd4 30. fxg6 hxg6 31. Bc3 Nf5 32. Nxf5 Bxf5+ 33. Kxb2 Nxh1 34. Rxh1 Be4 35. Nd2 Bd5 36. Rf1 f5 37. Nf3 Bc5 38. Re1 Ra7 39. Ra1 Rb7+ 40. Kc2 Be4+ 41. Kd2 Rd7+ 42. Ke2 Rd3 43. Bd2 Ra3 44. Bc1 Rc3 45. Bd2 Bd3+ 46. Kd1 Bc2+ 47. Ke1 Rc4 48. Bg5 Re4+ 49. Kd2 Ba4 50. Bf6 Bb5 51. Re1 Ra4 52. Ra1 Bc4 53. Kc3 Bd5 54. Kb2 Rg4 55. Ne1 Re4 56. a4 Kf7 57. Nd3 Bd6 58. Bh8 c5 59. a5 Re8 60. Bc3 Rb8+ 61. Kc1 Rb3 62. Kd2 c4 63. Ne5+ Ke6 64. Nxg6 Bxh2 65. a6 Bxg2 66. a7 Ba8 67. Ra6+ Kd7 68. Nf8+ Kc8 69. Ne6 Bg1 70. Ra5 Rb6 71. Nd4 Rd6 72. Rxf5 Bxd4 73. Bxd4 Rxd4+ 74. Kc3 Rd7 75. Kxc4 Kb7 76. Ra5 Kb6 77. Ra1 Rd8 78. Ra3 Bb7 79. a8=Q Bxa8 80. Rb3+ Kc7 81. Rg3 Bc6 82. Kc5 Rd5+ 83. Kc4 Rh5 84. Rg1 Bd5+ 85. Kd4 Kd6 86. Rg4 Be6 87. Rf4 Bf5 88. Kc4 Ke5 89. Rf1 Rh8 90. Re1+ Be4 91. Rg1 Rc8+ 92. Kb4 Kd4 93. Rg4 Rb8+ 94. Ka4 Kd3 95. Ka5 Bd5 96. Rb4 Rc8 97. Rg4 Be4 98. Kb4 Kd4 99. Rh4 Rg8 100. Rf4 Rb8+ 101. Ka4 Kd5 102. Ka3 Bd3 103. Rb4 Rh8 104. Rf4 Kc5 105. Kb3 Rh3 106. Kc3 Be4+ 107. Kb2 Kd4 108. Rg4 Re3 109. Rg7 Re2+ 110. Ka3 Bd5 111. Rc7 Bc4 112. Kb4 Rb2+ 113. Ka5 Rb8 114. Ka4 Kd5 115. Ka3 Rb1 116. Rd7+ Kc5 117. Rc7+ Kd4 118. Ka4 Rb5 119. Rh7 Rb8 120. Rc7 Bd5 121. Ka5 Rb2 122. Ka6 Be4 123. Ka7 Ke5 124. Rd7 Bc6 125. Rd8 Rb1 126. Ka6 Bd5 127. Ka7 Rb2 128. Ka6 Kd4 129. Ka7 Kc5 130. Rc8+ Bc6 1/2-1/2

[Event "4NCL Spring GM Round Robin 2024"]
[Site "Peterborough"]
[Date "2024.03.25"]
[Round "5.1"]
[White "Chow, Samuel"]
[Black "Gumularz, Szymon"]
[Result "1/2-1/2"]
[ECO "E61"]
[WhiteElo "2356"]
[BlackElo "2590"]
[Annotator "TA"]
[PlyCount "62"]
[EventDate "2024.03.22"]
[EventType "tourn"]
[EventCountry "ENG"]
[SourceTitle "playchess.com"]
[Source "ChessBase"]
[SourceQuality "1"]
[TimeControl "5400+30"]

1. d4 d6 2. Nf3 Nf6 3. c4 g6 4. Nc3 Bf5 5. h3 Bg7 6. g4 Bd7 7. Bg2 O-O 8. Bf4 {[%emt 0:03:12] White is slightly better.} Nc6 9. e3 Re8 10. O-O e5 11. dxe5 dxe5 12. Bg5 h6 13. Bh4 Qc8 14. Nd2 Be6 15. Nd5 Nd7 (15... Nh7 $142) 16. Rc1 a5 17. Ne4 Kh8 ({Black should try} 17... f5 $1 $14) 18. Nef6 {[%emt 0:02:58] White has more active pieces.} (18. Nec3 $16) 18... Nxf6 19. Bxf6 Bxf6 20. Nxf6 Rd8 21. Nd5 (21. Qf3 {is interesting.} Kg7 22. Ne4 f5 23. Nc5) 21... Rd7 22. f4 Qd8 23. Qe1 {[%emt 0:01:26] Repels Nb4} Bxd5 {[%emt 0:05:01] The position is equal.} 24. cxd5 Nb4 25. Rd1 {[%emt 0:04:01] Dodges Nd3} ({Much worse is} 25. fxe5 Nd3 26. Qc3 Nxc1 27. Qxc1 (27. e6+ Kg8 $11) 27... Ra6 $17) 25... Nxd5 26. fxe5 c6 27. Qf2 Kg8 28. Bxd5 cxd5 29. Qf6 Qe8 30. e6 fxe6 31. Qe5 Kh7 {[%emt 0:10:35] Weighted Error Value: White=0.12 (very precise) /Black=0.11 (very precise) .  Mistake:       	White=1     	Black=2      Inaccurate:     	White=2     	Black=3      OK:         	White=13    	Black=9} 1/2-1/2